 Dungeon Crawl Stone Soup version 0.22-a0-136-g83a10e5 (webtiles) character file.

68 GenericJason the Chopper (level 4, -3/41 HPs)
             Began as a Minotaur Berserker on Feb 2, 2018.
             Was a Believer of Trog.
             Killed by nerve-wracking pain
             ... invoked by an orc priest
              (5 damage)
             ... on level 3 of the Dungeon.
             The game lasted 00:11:07 (1397 turns).

GenericJason the Chopper (Minotaur Berserker)       Turns: 1397, Time: 00:11:08

Health: -3/41      AC:  6    Str: 22    XL:     4   Next: 1%
Magic:  3/3        EV: 10    Int:  4    God:    Trog [**....]
Gold:   47         SH:  0    Dex: 10    Spells: 3/3 levels left

rFire    . . .     SeeInvis .   a - +0 hand axe
rCold    . . .     Gourm    .   (no shield)
rNeg     . . .     Faith    .   i - +0 scale mail
rPois    .         Spirit   .   (helmet restricted)
rElec    .         Reflect  .   (no cloak)
rCorr    .         Harm     .   (no gloves)
MR       .....                  (no boots)
Stlth    ..........             (no amulet)
HPRegen  0.13/turn              (no ring)
MPRegen  0.08/turn              (no ring)

@: berserk cooldown, slowed, very slow
A: retaliatory headbutt, horns 2
a: Berserk, Trog's Hand, Burn Spellbooks, Renounce Religion


You were on level 3 of the Dungeon.
You worshipped Trog.
Trog was pleased with you.
You were hungry.

You visited 1 branch of the dungeon, and saw 3 of its levels.

You collected 47 gold pieces.

Inventory:

Hand Weapons
 a - a +0 hand axe (weapon)
Armour
 b - a +0 animal skin
 i - a +0 scale mail (worn)
 j - a +0 leather armour
 m - a +0 chain mail
Scrolls
 e - a scroll of teleportation {unknown}
 f - a scroll of enchant armour {unknown}
 k - a scroll of remove curse {unknown}
 l - a scroll of fog {unknown}
 n - a scroll of enchant weapon {unknown}
 o - a scroll of noise {unknown}
Potions
 d - a potion of lignification
 g - a potion of agility
 h - a potion of berserk rage {unknown}
 p - a potion of degeneration {unknown}
Comestibles
 c - 2 rations


   Skills:
 + Level 4.5 Fighting
 * Level 5.3 Axes
 - Level 2.4 Armour
 - Level 2.1 Dodging


You had 3 spell levels left.
You didn't know any spells.

Dungeon Overview and Level Annotations

Branches:
Dungeon (3/15)

Altars:
Qazlal

Annotations:
D:2 1 runed door


Innate Abilities, Weirdness & Mutations

You reflexively headbutt those who attack you in melee.
You have a pair of horns on your head.


Message History

You feel agile.
You closely miss the orc. You closely miss the kobold.
The kobold closely misses you. The orc barely misses you.
You feel a strong urge to attack something.
Found a stormy altar of Qazlal.
You feel your anger nearly subside.
You are no longer berserk.
You are exhausted.
You feel yourself slow down.
Found an escape hatch in the floor.
The orc hits you with an enchanted morningstar!
* * * LOW HITPOINT WARNING * * *
The orc closely misses you. The kobold hits you but does no damage.
The kobold closely misses you.
The orc priest hits you but does no damage.
Found a scale mail.
An orc opens the door.
The kobold closely misses you.
The orc priest mumbles some strange prayers to Beogh against you.
Pain shoots through your body!
You die...

§ §....... .....
##§#≈.....##.....
§≈≈≈#.........#.[. ....
≈._§§....#....... ...≈
>.≈§........... ...≈#
≈≈≈§§.......#
...≈#####§§..'....#
....≈...≈§§≈.oK.@.#.#
........≈.≈...o.........
.......[.§.w......#.#.#.
....................#
......##..............
#.<....##.............#
#............#........#
..........##.#####....#
..........##.# ...


You could see a worm, an orc priest, an orc and a kobold.

Vanquished Creatures
  2 adders (D:2)
  An ooze (D:1)
  A worm (D:2)
  A dart slug (D:2)
  4 leopard geckos
  An orc (D:3)
  A ball python (D:1)
  5 bats (D:1)
  A giant cockroach (D:1)
  2 goblins
  3 hobgoblins
  6 kobolds
  4 frilled lizards
  5 rats (D:1)
37 creatures vanquished.

Notes
Turn   | Place    | Note
-------+----------+-------------------------------------------
     0 | D:1      | GenericJason the Minotaur Berserker began the quest for the Orb.
     0 | D:1      | Reached XP level 1. HP: 19/19 MP: 0/0
    53 | D:1      | Reached skill level 4 in Axes
    60 | D:1      | Reached XP level 2. HP: 13/27 MP: 1/1
   568 | D:1      | Reached ** piety under Trog
   570 | D:1      | Reached XP level 3. HP: 29/33 MP: 2/2
   866 | D:2      | Reached skill level 5 in Axes
   951 | D:2      | Found a runed door.
  1387 | D:3      | Reached XP level 4. HP: 14/41 MP: 3/3
  1389 | D:3      | Found a stormy altar of Qazlal.
  1393 | D:3      | HP: 2/41 [orc/enchanted morningstar (9)]
  1397 | D:3      | Killed from afar by an orc priest

Vault maps used:
D:1:      minmay_arrival_split_and_join
D:2:      uniq_crazy_yiuf_cottage
D:3:      nicolae_overflow_crystal_walls, serial_corexii_hall,
          corexii_hall_statues_i, corexii_hall_statues_x,
          corexii_hall_statues_deadend, corexii_hall_statues_t,
          corexii_hall_statues_u, corexii_hall_statues_l,
          nicolae_qazlal_general_emergency, uniq_natasha

Skill      XL: |  1  2  3 |
---------------+----------+-----
Axes           | 4 5 |  5.3
Fighting       | 4 |  4.5
Armour         | |  2.4
Dodging        | |  2.1

Action                   |  1- 3 |  4- 6 || total
-------------------------+-------+-------++-------
Melee: Hand axe          |    65 |       ||    65
       Headbutt          |     4 |       ||     4
Invok: Berserk           |     3 |       ||     3
  Use: Scroll            |     2 |       ||     2
  Eat: Chunk             |     3 |       ||     3
Armor: Animal skin       |    11 |       ||    11
       Scale mail        |    10 |     2 ||    12
Dodge: Dodged            |    60 |     5 ||    65

Table legend:
 A = Spawn XP
 B = Non-spawn XP
 C = Spawn XP percentage of total XP
 D = Spawn monster count
 E = Non-spawn monster count
 F = Spawn count percentage of total count
 G = Total turns spent on level
                    A         B        C        D         E        F      G
               +---------+---------+-------+---------+---------+-------+---------
         Total |       0 |      98 |   0.0 |       0 |      37 |   0.0 |  1397
               +---------+---------+-------+---------+---------+-------+---------
           D:1 |       0 |      43 |   0.0 |       0 |      24 |   0.0 |   725
           D:2 |       0 |      52 |   0.0 |       0 |      12 |   0.0 |   649
           D:3 |       0 |       3 |   0.0 |       0 |       1 |   0.0 |    23
               +---------+---------+-------+---------+---------+-------+---------
